AoeStats
← RLF_jcat

Nomad

508114818Analyzed
4v4 RM · 12d ago on Sep 20, 2026· 61m 44s· 8 players
Game mode
Random Map
Map size
231×231
Population
200
Speed
Normal
Resources
Standard
Victory
Conquest
Starting age
Dark Age
Ending age
Imperial Age
RankedLock teamsTeams togetherTeam positionsShared explorationLock speedFull tech treeHidden civsTurbo modeCheats
Victory
Defeat
🇨🇦 Bohemians · Canada
1008
+13
🇮🇳 Italians · India
925
+16
🇨🇦 Burgundians · Canada
876
+18
🇹🇷 Huns · Türkiye
862
+19
🇺🇸 Persians · United States
1049
-21
🇺🇸 Spanish · United States
930
-17
🇦🇷 Georgians · Argentina
870
-14
🇧🇷 Spanish · Brazil
863
-14
VictorWatch
4:19 Loom
5:50 Loom
15:40 Feudal Age
16:51 Double-Bit Axe
16:47 Horse Collar
16:50 Fishing Lines
18:27 Wheelbarrow
24:39 Castle Age
24:21 Town Watch
25:44 Forging
25:41 Scale Barding Armor
26:18 Heavy Plow
26:32 Bow Saw
29:25 Husbandry
31:35 Iron Casting
31:21 Chain Barding Armor
38:46 Imperial Age
36:14 Fletching
36:24 Scale Mail Armor
38:16 Hand Cart
39:45 Chemistry
38:28 Treadmill Crane
39:09 Ballistics
39:28 Chain Mail Armor
40:33 Conscription
39:33 Elite Hussite Wagon
40:26 Siege Engineers
40:05 Treadmill Crane
40:46 Ballistics
40:40 Squires
41:39 Town Patrol
41:43 Pikeman
42:48 Halberdier
43:16 Arson
43:28 Bodkin Arrow
45:16 Houfnice
48:02 Two-Man Saw
47:15 Fervor
47:27 Sanctity
48:52 Wagenburg Tactics
51:10 Blast Furnace
50:41 Plate Mail Armor
50:12 Bracer
55:44 Fortified Wall
55:30 Murder Holes
57:31 Padded Archer Armor
57:55 Bombard Tower
57:46 Masonry
darkLord
18:16 Feudal Age
22:13 Wheelbarrow
24:14 Castle Age
24:26 Double-Bit Axe
26:03 Fletching
27:57 Hand Cart
27:39 Town Watch
27:41 Loom
28:30 Medium Warships
28:53 Horse Collar
29:32 Bodkin Arrow
32:16 Heavy Plow
36:42 Imperial Age
34:38 Ballistics
34:42 Padded Archer Armor
34:58 Gold Mining
36:47 Leather Archer Armor
37:37 Forging
40:20 Chemistry
41:42 Bracer
44:33 Ring Archer Armor
47:24 Elite Genoese Crossbowman
59:57 Scale Barding Armor
Darth_Doge03
5:20 Loom
15:04 Feudal Age
17:58 Double-Bit Axe
18:01 Fishing Lines
23:24 Castle Age
21:41 Stone Mining
24:31 Stone Shaft Mining
23:48 Gold Mining
27:37 Gold Shaft Mining
26:45 Horse Collar
29:42 Gillnets
33:37 Heavy Plow
33:07 Light Cavalry
33:49 Husbandry
38:19 Imperial Age
38:09 Squires
37:30 Pikeman
40:28 Crop Rotation
41:07 Chemistry
40:03 Murder Holes
40:19 Masonry
40:10 Fletching
40:31 Forging
40:22 Scale Mail Armor
40:27 Scale Barding Armor
40:48 Conscription
41:49 Wheelbarrow
42:15 Bow Saw
43:56 Hoardings
43:57 Hand Cart
44:18 Hussar
46:16 Fortified Wall
46:29 Ballistics
53:30 Burgundian Vineyards
Eskiçeri
13:30 Feudal Age
18:24 Castle Age
16:58 Double-Bit Axe
16:56 Horse Collar
25:38 Bow Saw
25:46 Heavy Plow
25:47 Gold Mining
26:50 Wheelbarrow
26:39 Stone Mining
28:56 Hand Cart
34:26 Imperial Age
31:43 Loom
32:52 Thumb Ring
32:52 Padded Archer Armor
32:57 Fletching
33:17 Forging
34:31 Marauders
35:03 Ballistics
35:01 Elite Tarkan
36:02 Conscription
36:12 Parthian Tactics
37:16 Husbandry
37:27 Bloodlines
36:43 Heavy Cavalry Archer
37:24 Bodkin Arrow
40:52 Caravan
43:28 Scale Barding Armor
43:59 Iron Casting
5WhiskeyTango
5:14 Loom
14:52 Feudal Age
24:48 Castle Age
23:26 Stone Mining
23:37 Double-Bit Axe
24:54 Horse Collar
26:40 Wheelbarrow
26:21 Bow Saw
27:10 Pikeman
30:23 Elite Skirmisher
34:00 Gold Mining
37:06 Wheelbarrow
38:26 Stone Shaft Mining
40:52 Ballistics
43:46 Imperial Age
45:14 Hand Cart
46:05 Conscription
48:22 Chemistry
47:18 Murder Holes
47:34 Fortified Wall
49:50 Heavy Plow
61:07 Two-Man Saw
60:29 Hand Cart
RLF_jcat
10:32 Loom
13:34 Feudal Age
18:13 Castle Age
17:38 Double-Bit Axe
17:44 Stone Mining
17:41 Fishing Lines
19:18 Bow Saw
20:18 Gillnets
20:31 Horse Collar
23:27 Heavy Plow
24:06 Gold Mining
25:38 Gold Shaft Mining
27:38 Wheelbarrow
26:54 Town Watch
32:25 Imperial Age
30:13 Forging
30:03 Scale Mail Armor
30:36 Husbandry
30:47 Bloodlines
31:43 Stone Shaft Mining
31:22 Scale Barding Armor
31:53 Iron Casting
32:01 Ballistics
31:05 Pikeman
31:50 Squires
33:21 Crop Rotation
32:48 Crossbowman
35:10 Chemistry
34:29 Chain Mail Armor
35:14 Blast Furnace
34:37 Chain Barding Armor
35:23 Conscription
35:05 Kamandaran
35:29 Citadels
35:47 Hand Cart
36:45 Two-Man Saw
35:32 Cavalier
36:57 Thumb Ring
39:08 Savar
40:58 Plate Barding Armor
41:24 Blast Furnace
42:23 Masonry
42:09 Murder Holes
42:12 Halberdier
42:38 Arson
44:45 Elite War Elephant
47:04 Plate Mail Armor
46:25 Fletching
47:18 Town Patrol
47:54 Architecture
47:29 Padded Archer Armor
49:24 Light Cavalry
51:11 Leather Archer Armor
50:52 Bodkin Arrow
56:33 Hussar
59:21 Ring Archer Armor
Tamor
17:54 Feudal Age
19:01 Loom
19:05 Fishing Lines
19:31 Double-Bit Axe
22:53 Castle Age
24:04 Bow Saw
25:54 Wheelbarrow
26:10 Horse Collar
28:29 Gold Mining
28:29 Stone Mining
28:45 Heavy Plow
28:35 Town Watch
29:14 Padded Archer Armor
30:28 Gillnets
41:09 Imperial Age
39:02 Leather Archer Armor
39:34 Husbandry
39:45 Bloodlines
42:29 Elite Conquistador
44:55 Ring Archer Armor
44:51 Conscription
50:55 Ballistics
51:35 Chemistry
56:48 Masonry
56:06 Light Cavalry
59:47 Bombard Tower
b3rm3
7:07 Loom
17:38 Feudal Age
23:40 Castle Age
24:57 Double-Bit Axe
36:41 Forging
36:38 Scale Barding Armor
37:09 Fortified Wall
41:20 Iron Casting
42:11 Chain Barding Armor
42:26 Bow Saw
47:05 Scale Mail Armor
47:52 Pikeman
49:45 Bloodlines
50:30 Fletching
50:40 Padded Archer Armor
50:56 Chain Mail Armor
54:50 Horse Collar
55:24 Gambesons
59:41 Bodkin Arrow
60:02 Leather Archer Armor
Connection lost

Rejoining the realm…

Still unreachable

The connection could not be restored.

Session expired

The server has moved on; the page needs a fresh start.